Construct Section Command Post
Selects Heavy Armor Battlegroup
Selects Rigorous Vehicle Training
Construct Platoon Command Post
Selects Light Vehicle Withdraw and Refit
Selects Forward Repair Assembly
6-pounder Anti-tank Gun Team
Construct Company Command Post
Selects Crusader AA Medium Tank
Selects Designate Targets
Unlock M3 Grant Medium Tanks
Selects Crusader AA Medium Tank
Unlock Bishop Self-propelled Artillery
Selects Churchill Black Prince Heavy Tank
Bishop Self-propelled Artillery
Selects Designate Targets
Churchill Black Prince Heavy Tank